 Dungeon Crawl Stone Soup version 0.32-a0-391-gce5c0aab1b (webtiles) character file.

Game seed: 9203585426968231046

367804 zenocrate the Unseen (level 23, -1/153 HPs)
             Began as a Kobold Delver on Feb 19, 2024.
             Was an Initiate of Gozag.
             Slain by a dire elephant (4 damage)
             ... on level 3 of the Abyss on Feb 20, 2024.
             The game lasted 01:34:32 (52590 turns).

zenocrate the Unseen (Kobold Delver)               Turns: 52590, Time: 01:34:32

Health: -1/153     AC: 20    Str:  0    XL:     23   Next: 64%
Magic:  38/38      EV:  9    Int: 27    God:    Gozag
Gold:   1671       SH: 10    Dex: 29    Spells: 3/44 levels left

rFire   + . .        b - +3 rapier (holy)
rCold   + . .        L - +3 warlock's mirror {omnireflect}
rNeg    + + .        c - +0 swamp dragon scales
rPois   +            R - +2 helmet {Int+3}
rElec   +            q - scarf {+Inv}
rCorr   +            i - +2 pair of gloves of the Comet {Will+ Int+3 Slay+2 SInv}
SInv    +            W - +2 pair of boots {Fly}
Will    +++++        N - amulet "Noloimyr" {rC+ Will+++ Regen+}
Stlth   +++++++++    d - ring of Zatutadd {rF+ rN++ Str-2 Dex+6 SInv}
HPRegen 0.00/turn    e - ring "Poquod" {Fly rPois rCorr Str-4 Int+6}
MPRegen 0.26/turn

%: random rage (9%), reflection
@: on berserk cooldown, flying, inhibited regen, slowed, lost strength, studying
Invocations, very slow
A: small, no large weapons, nightstalker 3, mutation resistance 1, electricity
resistance, [berserk 2], [weak 2], [inability to drink after injury 2]
}: 2/15 runes: decaying, serpentine
a: Renounce Religion, Evoke Invisibility, Potion Petition, Call Merchant, Bribe
Branch


You were on level 3 of the Abyss.
You worshipped Gozag.
Gozag was most pleased with you.
You visited 9 branches of the dungeon, and saw 38 of its levels.
You visited the Abyss 3 times.
You also visited: Trove.

You collected 18322 gold pieces.
You spent 4689 gold pieces at shops.
You paid 11962 gold pieces to Gozag.

Inventory:

Hand Weapons
 a - a +9 quick blade of draining
 b - a +3 rapier of holy wrath (weapon)
Missiles
 n - 47 poisoned darts (quivered)
 t - a throwing net
 w - 25 boomerangs
 B - 8 curare-tipped darts
Armour
 c - +0 swamp dragon scales (worn)
 i - the +2 pair of gloves of the Comet (worn) {Will+ Int+3 Slay+2 SInv}
   (You found it on level 3 of the Elven Halls)

   Int+3:     It affects your intelligence (+3).
   Slay+2:    It affects your accuracy & damage with ranged weapons and melee
   (+2).
   Will+:     It increases your willpower.
   SInv:      It lets you see invisible.
 q - a scarf of invisibility (worn)
 L - the +3 warlock's mirror (worn) {omnireflect}
   (You bought it in a shop on level 2 of the Orcish Mines)

   Omnireflect: It can block and reflect piercing ranged attacks and magical
   attacks against the wielder's willpower.
 R - a +2 helmet of intelligence (worn)
 W - a +2 pair of boots of flying (worn)
Jewellery
 d - the ring of Zatutadd (left hand) {rF+ rN++ Str-2 Dex+6 SInv}
   (You found it in a treasure trove)

   [ring of dexterity]

   Str-2:     It affects your strength (-2).
   Dex+6:     It affects your dexterity (+6).
   rF+:       It protects you from fire.
   rN++:      It greatly protects you from negative energy.
   SInv:      It lets you see invisible.
 e - the ring "Poquod" (right hand) {Fly rPois rCorr Str-4 Int+6}
   (You found it in a treasure trove)

   [ring of poison resistance]

   Str-4:     It affects your strength (-4).
   Int+6:     It affects your intelligence (+6).
   rPois:     It protects you from poison Fly: It grants you flight.
   rCorr:     It protects you from acid and corrosion.
 g - a ring of protection from fire
 K - a ring of protection from cold
 N - the amulet "Noloimyr" (around neck) {rC+ Will+++ Regen+}
   (You found it in a treasure trove)

   [amulet of regeneration]

   rC+:       It protects you from cold.
   Will+++:   It greatly increases your willpower.
   Regen+:    It increases your rate of health regeneration.
 X - the ring of Kokhluo {Ice Int+2 Dex+2}
   (You found it on level 11 of the Dungeon)

   [ring of ice]

   Ice:       It enhances your ice magic.
   Int+2:     It affects your intelligence (+2).
   Dex+2:     It affects your dexterity (+2).
   rF-:       It makes you vulnerable to fire.
   rC+:       It protects you from cold.
Wands
 h - a wand of digging (39)
 p - a wand of roots (8)
 x - a wand of acid (1)
 F - a wand of paralysis (28)
 Y - a wand of mindburst (15)
Scrolls
 j - 7 scrolls of fear
 o - 6 scrolls of identify
 r - 6 scrolls of fog
 z - 7 scrolls of revelation
 C - 3 scrolls of teleportation
 D - 9 scrolls of vulnerability
 S - 2 scrolls of silence
 Z - 6 scrolls of poison
Potions
 f - 3 potions of haste
 k - a potion of mutation
 l - 13 potions of enlightenment
 m - 3 potions of resistance
 s - 5 potions of curing
 u - 4 potions of cancellation
 A - 4 potions of might
 G - a potion of invisibility
 H - 4 potions of heal wounds
 I - a potion of attraction
 J - 3 potions of brilliance
 M - 4 potions of berserk rage
 T - a potion of ambrosia
Miscellaneous
 v - a condenser vane
 y - a lightning rod (4/4)
 E - a phial of floods
 Q - a box of beasts
 V - a phantom mirror


   Skills:
 + Level 18.5 Fighting
 * Level 19.4 Short Blades
 - Level 3.3 Throwing
 + Level 10.7 Armour
 + Level 20.8 Dodging
 + Level 20.9 Stealth
 - Level 3.0 Shields
 + Level 11.2 Spellcasting
 - Level 4.8 Conjurations
 + Level 10.3 Hexes
 - Level 6.0 Translocations
 - Level 8.0 Ice Magic
 - Level 5.0 Air Magic
 + Level 5.9 Alchemy
 + Level 14.9 Evocations


You had 3 spell levels left.
You knew the following spells:

 Your Spells              Type           Power      Damage    Failure   Level
a - Ensorcelled Hibernat  Hex/Ice        100%       N/A       11%         2
b - Yara's Violent Unrav  Hex/Alch       28%        3d12      96%         5
c - Tukima's Dance        Hex            63%        N/A       13%         3
d - Enfeeble              Hex            31%        N/A       100%        7
e - Cause Fear            Hex            31%        N/A       41%         4
f - Dazzling Flash        Conj/Hex       100%       N/A       38%         3
g - Fugue of the Fallen   Necr           15%        N/A       100%        3
h - Silence               Hex/Air        27%        N/A       98%         5
x - Blink                 Tloc           94%        N/A       36%         2
y - Swiftness             Air            42%        N/A       75%         3
z - Passage of Golubria   Tloc           47%        N/A       95%         4

Your spell library contained the following spells:

 Spells                   Type           Power      Damage    Failure   Level
 Freeze                   Ice            100%       1d10      12%         1
 Sting                    Conj/Alch      100%       1d9       32%         1
 Frozen Ramparts          Ice            100%       1d16      34%         3
 Shock                    Conj/Air       100%       1d9       36%         1
 Lesser Beckoning         Tloc           94%        N/A       36%         2
 Magic Dart               Conj           100%       1d8       38%         1
 Mercury Vapours          Alch/Air       88%        N/A       43%         2
 Momentum Strike          Conj/Tloc      88%        3d10      45%         2
 Searing Ray              Conj           82%        2d7       52%         2
 Static Discharge         Conj/Air       82%        3-7/arc   52%         2
 Hailstorm                Conj/Ice       49%        3d10      54%         3
 Gell's Gravitas          Tloc           47%        N/A       61%         3
 Teleport Other           Tloc           47%        N/A       61%         3
 Mephitic Cloud           Conj/Alch/Air  43%        N/A       71%         3
 Inner Flame              Hex/Fire       43%        N/A       73%         3
 Volatile Blastmotes      Fire/Tloc      62%        2d15      95%         3
 Call Imp                 Summ           30%        N/A       99%         2
 Scorch                   Fire           30%        2d6       99%         2
 Sublimation of Blood     Necr           15%        N/A       99%         2
 Olgreb's Toxic Radiance  Alch           47%        N/A       95%         4
 Fulminant Prism          Conj/Alch      22%        3d12      97%         4
 Iskenderun's Mystic Bla  Conj/Tloc      44%        2d10      97%         4
 Airstrike                Air            21%        2d(3-19)  98%         4
 Anguish                  Hex/Necr       21%        N/A       98%         4
 Flame Wave               Conj/Fire      28%        2d9       100%        4
 Petrify                  Alch/Erth      31%        N/A       100%        4
 Sticky Flame             Fire/Alch      31%        2d7       100%        4
 Summon Lightning Spire   Summ/Air       28%        N/A       100%        4
 Borgnjor's Vile Clutch   Necr/Erth      7%         N/A       100%        5
 Curse of Agony           Necr           15%        N/A       100%        5
 Irradiate                Conj/Alch      22%        3d19      100%        5
 Summon Forest            Summ/Tloc      15%        N/A       100%        5
 Death Channel            Necr           7%         N/A       100%        6
 Dispersal                Tloc           23%        N/A       100%        6
 Eringya's Noxious Bog    Alch           23%        4d6       100%        6
 Sculpt Simulacrum        Ice/Alch       26%        N/A       100%        6
 Summon Cactus Giant      Summ           7%         N/A       100%        6
 Ozocubu's Refrigeration  Ice            27%        4d13      100%        7
 Summon Hydra             Summ           7%         N/A       100%        7
 Dragon's Call            Summ           7%         N/A       100%        9
 Polar Vortex             Ice            27%        12d3*     100%        9
 Animate Dead             Necr           Unusable   N/A       N/A         4

Dungeon Overview and Level Annotations

Branches:
Dungeon (15/15)            Temple (1/1) D:6            Lair (5/5) D:11
  Swamp (4/4) Lair:2        Snake (4/4) Lair:3        Slime (0/5) Lair:5
    Orc (2/2) D:11            Elf (3/3) Orc:2        Vaults (3/5) D:14
  Crypt (0/3) Vaults:3     Depths (1/4) D:15

Altars:
Ashenzari
Cheibriados
Dithmenos
Elyvilon
Fedhas
Gozag
Hepliaklqana
Kikubaaqudgha
Makhleb
Nemelex Xobeh
Okawaru
Qazlal
Ru
Sif Muna
Trog
Uskayaw
Vehumet
Wu Jian
Xom
Yredelemnul
Zin
The Shining One
Beogh
Lugonu

Shops:
D:6 (   Orc:2 =**?   Elf:2 *   Lair:1 *[[[

Portals:
Hell: Depths:1
Abyss: Lair:5
Pandemonium: Depths:1
Ziggurat: Depths:1

Annotations:
Swamp:2 3 runed translucent doors, greenreed's ghost, adept CoBe
Vaults:1 3 runed translucent doors
Vaults:2 2 transporters


Innate Abilities, Weirdness & Mutations

You are small and have problems with some larger weapons.
You are completely attuned to the shadows.
You are somewhat resistant to further mutation.
You are resistant to electric shocks. (rElec)
[You have an uncontrollable temper.]
[You are very weak. (Str -4)]
[You sometimes lose the ability to drink potions when taking damage.]


Message History

The sixfirhy barely misses you.
The sixfirhy hits you but does no damage.
The hellephant blinks!
The elephant tramples you.
You hold your ground!
The elephant trunk-slaps you but does no damage.
The dire elephant tramples you but does no damage.
The dire elephant trunk-slaps you but does no damage.
The purple draconian shifter hits you with a +2 short sword of venom.
The hellephant completely misses you.
The hellephant bites you but does no damage.
The hellephant gores you but does no damage.
The elephant tramples you but does no damage.
The elephant trunk-slaps you but does no damage.
The purple draconian shifter casts a spell.
The purple draconian shifter blinks!
The dire elephant tramples you but does no damage.
The dire elephant trunk-slaps you but does no damage.
The hellephant tramples you.
You hold your ground!
The hellephant bites you but does no damage.
The hellephant gores you!
* * * LOW HITPOINT WARNING * * *
You can move again.
You hit the dire elephant but do no damage.
The wretched star glows turbulently.
The lance of force hits you!
* * * LOW HITPOINT WARNING * * *
You are knocked back by the lance of force.
You collide with the dire elephant!
The dire elephant is lightly wounded.
* * * LOW HITPOINT WARNING * * *
The dire elephant tramples you!
* * * LOW HITPOINT WARNING * * *
You hold your ground!
The dire elephant misses you.
The elephant tramples you but does no damage.
You block the elephant's attack.
The hellephant tramples you but does no damage.
The hellephant bites you but does no damage.
The hellephant gores you but does no damage.
You block the dire elephant's attack. The dire elephant trunk-slaps you.
You die...
Your body crumbles into a pile of gold.

.§ ##§§§. . §
.§≈##≈.... ..
..≈§§..3#
....q§≈≈§Y#
....∩h≈≈*@Y# φ .
. .h≈§≈YY##
....hh≈§≈≈YY####
.... h≈##≈≈..Yß
. .hh≈##§§...§
.. . ..≈##≈≈≈Y§
.. .≈⌠..§#≈≈≈ §
. . # §..≈≈≈§≈≈
.v.§≈ ..≈≈≈≈§


You could see 2 hellephants, 3 dire elephants, a purple draconian shifter, a
wretched star, 2 elephants, a sixfirhy and 6 hell hounds.

Vanquished Creatures
  Saint Roka (Elf:3)
  Vashnia (Snake:3)
  A caustic shrike (Depths:1)
  A pearl dragon (Abyss:3)
  Zenata (Elf:3)
  2 deep elf master archers (Elf:3)
  3 deep elf blademasters
  2 sphinxes
  9 tentacled starspawn (Abyss:3)
  An Executioner (Abyss:3)
  Gastronok (D:9)
  A tengu reaver (Depths:1)
  Agnes (Snake:2)
  2 thorn hunters (Swamp:4)
  An ancient champion (Vaults:3)
  Donald (Elf:3)
  A fenstrider witch (Swamp:4)
  3 fire giants (Depths:1)
  3 nagarajas (Snake:4)
  4 frost giants (Depths:1)
  2 deep elf sorcerers
  Louise (D:14)
  12 vault wardens
  5 spectral caustic shrikes (Depths:1)
  An orc warlord (Vaults:3)
  2 ghouls (Swamp:4)
  3 deep elf elementalists (Elf:3)
  10 ironbound preservers
  2 angels (Depths:1)
  A quicksilver ooze (Lair:4)
  7 stone giants (Depths:1)
  4 ironbound thunderhulks
  3 formless jellyfish
  5 deep elf death magi (Elf:3)
  A vampire knight (Depths:1)
  10 very ugly things
  A war gargoyle (Vaults:3)
  4 eleionomae
  5 bunyips
  6 deep elf annihilators (Elf:3)
  A dire elephant (D:15)
  5 deep elf demonologists (Elf:3)
  3 spark wasps (Depths:1)
  A blizzard demon (Abyss:3)
  3 ettins (Depths:1)
  An entropy weaver (shapeshifter) (D:14)
  6 fire dragons (Depths:1)
  A green death (Abyss:3)
  An entropy weaver (Vaults:2)
  19 hydras
  3 great orbs of eyes
  4 yaktaur captains
  3 deep elf high priests (Elf:3)
  7 vault guards
  A peacekeeper (Vaults:3)
  7 ice dragons
  7 salamander tyrants (Snake:4)
  A rakshasa (Abyss:3)
  5 ironbound frosthearts
  2 spriggan air magi (Depths:1)
  A hell beast (Depths:1)
  A catoblepas (Lair:2)
  10 boulder beetles
  11 centaur warriors
  10 alligators
  5 two-headed ogres
  2 tengu warriors
  4 anacondas
  19 naga warriors
  A demonic crawler (Abyss:3)
  26 dancing weapons
  An occultist (Depths:1)
  13 naga sharpshooters
  2 deep troll earth magi
  A soul eater (Depths:1)
  2 deep troll shamans (Depths:1)
  4 spriggan berserkers (D:14)
  6 orc high priests
  4 thrashing horrors
  3 shock serpents
  A sun demon (Depths:1)
  2 skysharks
  14 deep elf knights
  2 wretched stars (Abyss:3)
  3 salamander mystics
  6 goliath frogs
  A skeletal warrior (Vaults:3)
  7 spriggan druids
  A flayed ghost (Depths:1)
  17 deep trolls
  3 naga ritualists
  4 glowing orange brains
  7 mana vipers
  A mana viper (shapeshifter) (Depths:1)
  5 arcanists
  10 deep elf archers
  7 orc knights
  13 ironbound convokers
  14 swamp dragons
  7 bog bodies
  13 lindwurms
  2 necromancers (Depths:1)
  31 deep elf zephyrmancers
  24 deep elf pyromancers
  2 manticores
  An oklob plant (Swamp:1)
  10 orc sorcerers
  4 will-o-the-wisps
  7 large abominations
  15 salamanders
  7 cyclopes
  A worldbinder (Abyss:3)
  27 ugly things
  A black mamba (shapeshifter) (Elf:2)
  25 black mambas
  Joseph (D:9)
  A rust devil (Abyss:3)
  35 elephants
  5 smoke demons
  8 cane toads
  10 vault sentinels
  6 guardian serpents
  An ice statue (Lair:2)
  9 naga magi
  A torpor snail (Lair:4)
  Maggie (D:9)
  2 gargoyles
  2 rime drakes
  24 yaktaurs
  2 freezing wraiths
  2 kobold demonologists
  2 efreet (D:15)
  10 komodo dragons
  2 tengu conjurers
  2 ancient zymes (Abyss:3)
  3 red devils (Orc:2)
  A polar bear (shapeshifter) (Elf:2)
  2 trolls
  5 tyrant leeches
  6 hornets
  2 bloated husks
  2 hellwings (Abyss:3)
  3 polar bears (Lair:2)
  Prince Ribbit (D:7)
  A tarantella (shapeshifter) (D:14)
  2 dream sheep (Lair:4)
  37 blink frogs
  18 raiju
  4 spriggans
  3 shadows
  2 air elementals
  24 slime creatures
  A spriggan (shapeshifter) (Abyss:3)
  Eustachio (D:5)
  6 wraiths
  2 water elementals (D:11)
  A fire elemental (Elf:1)
  4 wyverns
  3 ynoxinuls
  42 yaks
  9 basilisks
  19 starcursed masses (Abyss:3)
  9 wargs
  3 neqoxecs (Abyss:3)
  A redback (shapeshifter) (Depths:1)
  2 vampire mosquitoes (D:11)
  6 chaos spawn
  Menkaure (D:6)
  18 swamp worms
  26 nagas
  13 small abominations
  16 water moccasins
  Duvessa (D:7)
  3 acid dragons
  4 swamp drakes
  17 orc warriors
  A black bear (D:4)
  An ice beast (shapeshifter) (Depths:1)
  6 laughing skulls (Abyss:3)
  8 ice beasts
  6 centaurs
  An ogre (Orc:2)
  7 wolves
  4 phantoms
  5 kobold brigands
  10 bullfrogs
  A gnoll sergeant (D:7)
  A scorpion (D:4)
  2 earth elementals
  8 wights (D:8)
  Dowan (D:7)
  18 killer bees
  5 electric eels (D:11)
  9 howler monkeys
  A bombardier beetle (D:5)
  2 quasits (Abyss:3)
  3 hounds (D:6)
  10 jellies
  17 orc priests
  A gnoll bouda (D:6)
  An iron imp (Abyss:3)
  An iguana (D:5)
  2 sleepcaps
  31 orc wizards
  5 hell rats
  8 gnolls
  5 adders
  5 white imps
  2 ufetubi (D:6)
  2 ribbon worms
  3 dart slugs (D:1)
  95 orcs
  13 endoplasms
  14 giant cockroaches
  12 goblins
  11 hobgoblins
  4 jackals (D:1)
  4 quokkas
  13 ball pythons
  6 bats
  3 frilled lizards
  40 kobolds
  7 rats
  3 starspawn tentacles (Abyss:3)
1495 creatures vanquished.

Vanquished Creatures (collateral kills)
  A quicksilver dragon (Depths:1)
  A fire giant (Depths:1)
  A vault warden (Vaults:3)
  A very ugly thing (Depths:1)
  An ice dragon (Depths:1)
  A fire dragon (Depths:1)
  A deep troll shaman (Depths:1)
  2 deep troll earth magi (Depths:1)
  A soul eater (Vaults:3)
  2 iron trolls (Depths:1)
  2 deep trolls (Depths:1)
  A freezing wraith (Vaults:3)
15 creatures vanquished.

Vanquished Creatures (others)
  3 deep elf knights
  2 deep elf pyromancers
  An orc wizard (D:4)
  2 orcs (Orc:2)
  2 kobolds (D:8)
  2 foxfires (Swamp:2)
  13 starspawn tentacles (Abyss:3)
25 creatures vanquished.

Grand Total: 1535 creatures vanquished

Notes
Turn   | Place    | Note
-------+----------+-------------------------------------------
     0 | D:5      | zenocrate the Kobold Delver began the quest for the Orb.
     0 | D:5      | Reached XP level 1. HP: 14/14 MP: 1/1
   221 | D:3      | Reached XP level 2. HP: 19/19 MP: 2/2
   432 | D:3      | Identified the amulet "Kedgherch" {Spirit ^Contam rC+ Str+6
                  | Dex+4}
   538 | D:2      | Reached XP level 3. HP: 22/23 MP: 3/3
   722 | D:2      | Reached XP level 4. HP: 27/29 MP: 2/4
  1234 | D:1      | Reached XP level 5. HP: 33/33 MP: 5/5
  1421 | D:1      | Found a faded altar of an unknown god.
  1616 | D:1      | Learned a level 3 spell: Swiftness
  2532 | D:3      | Reached XP level 6. HP: 39/39 MP: 6/6
  2989 | D:4      | Found an iron altar of Okawaru.
  3107 | D:4      | Reached skill level 5 in Fighting
  3172 | D:4      | Reached skill level 5 in Short Blades
  3172 | D:4      | Reached XP level 7. HP: 44/44 MP: 7/7
  3622 | D:4      | Found an ancient bone altar of Kikubaaqudgha.
  3978 | D:5      | Noticed Eustachio
  3980 | D:5      | Noticed a two-headed ogre
  3982 | D:5      | Killed Eustachio
  3983 | D:5      | Reached skill level 5 in Dodging
  3983 | D:5      | Reached XP level 8. HP: 52/52 MP: 8/8
  3986 | D:5      | Killed a two-headed ogre
  4132 | D:5      | Reached XP level 9. HP: 57/57 MP: 9/9
  4440 | D:5      | Found a glowing silver altar of Zin.
  4440 | D:5      | Found a white marble altar of Elyvilon.
  4440 | D:5      | Found a glowing golden altar of the Shining One.
  5140 | D:6      | Found a sacrificial altar of Ru.
  5206 | D:6      | Reached skill level 10 in Stealth
  5669 | D:6      | Found Jobleuk's Antique Weapon Shoppe.
  5674 | D:6      | Bought a jewelled dagger for 217 gold pieces
  5674 | D:6      | Identified the +6 dagger of Arbitration {protect, ^Fragile
                  | rC++ Str+3} (You bought it in a shop on level 6 of the
                  | Dungeon)
  5751 | D:6      | Found a staircase to the Ecumenical Temple.
  5767 | Temple   | Entered the Ecumenical Temple
  5799 | D:6      | Noticed Menkaure
  5804 | D:6      | Killed Menkaure
  6002 | D:6      | Learned a level 3 spell: Dazzling Flash
  6145 | D:6      | Found an opulent altar of Gozag.
  6196 | D:6      | Became a worshipper of Gozag Ym Sagoz the Greedy
  6346 | D:7      | Noticed a hornet
  6352 | D:7      | Killed a hornet
  6353 | D:7      | Reached skill level 1 in Evocations
  6353 | D:7      | Reached XP level 10. HP: 56/66 MP: 8/10
  6354 | D:7      | Noticed Prince Ribbit
  6399 | D:7      | Killed Prince Ribbit
  6764 | D:7      | Found a basalt altar of Yredelemnul.
  6821 | D:7      | Noticed Dowan
  6823 | D:7      | Noticed Duvessa
  6825 | D:7      | Killed Dowan
  6840 | D:7      | Killed Duvessa
  7255 | D:7      | Found a sparkling altar of Nemelex Xobeh.
  7259 | D:7      | Gained mutation: Your body sometimes deteriorates upon
                  | taking damage. [potion of mutation]
  7260 | D:7      | Lost mutation: Your body sometimes deteriorates upon taking
                  | damage. [potion of mutation]
  7260 | D:7      | Gained mutation: You have sharp toenails. [potion of
                  | mutation]
  7260 | D:7      | Gained mutation: You have hidden genetic defects. [potion
                  | of mutation]
  7260 | D:7      | Gained mutation: You expend magic power (3 MP) to
                  | strengthen your wands. [potion of mutation]
  7471 | D:8      | Gained mutation: You are clumsy. (Dex -2) [hidden defects]
  7736 | D:8      | Reached skill level 10 in Fighting
  7922 | D:8      | Gained mutation: Your health recovers twice as slowly from
                  | being drained. [hidden defects]
  7922 | D:8      | Lost mutation: You have hidden genetic defects. [hidden
                  | defects expressed]
  7936 | D:8      | Reached XP level 11. HP: 65/72 MP: 9/11
  7977 | D:8      | Reached skill level 5 in Evocations
  8945 | D:9      | Noticed a two-headed ogre
  8948 | D:9      | Noticed Maggie
  9016 | D:9      | HP: 1/73 [two-headed ogre/+0 giant club (5)]
  9018 | D:9      | Killed a two-headed ogre
  9019 | D:9      | Reached skill level 10 in Short Blades
  9019 | D:9      | Reached skill level 10 in Dodging
  9055 | D:9      | Killed Maggie
  9073 | D:9      | Noticed Gastronok
  9232 | D:9      | Killed Gastronok
  9233 | D:9      | Reached skill level 1 in Throwing
  9448 | D:9      | Found a shadowy altar of Dithmenos.
  9541 | D:9      | Noticed Joseph
  9558 | D:9      | Killed Joseph
  9611 | D:9      | Found a snail-covered altar of Cheibriados.
  9699 | D:9      | Learned a level 3 spell: Mephitic Cloud
  9700 | D:10     | Entered Level 10 of the Dungeon
  9823 | D:10     | Noticed a two-headed ogre
  9827 | D:10     | Killed a two-headed ogre
 10162 | D:10     | Reached XP level 12. HP: 71/79 MP: 9/12
 10225 | D:10     | Reached skill level 1 in Armour
 10434 | D:10     | Noticed a two-headed ogre
 10438 | D:10     | Killed a two-headed ogre
 11040 | D:11     | Noticed a boulder beetle
 11053 | D:11     | Killed a boulder beetle
 11164 | D:11     | Noticed a two-headed ogre
 11196 | D:11     | Killed a two-headed ogre
 11288 | D:11     | Found a staircase to the Orcish Mines.
 11357 | D:11     | Noticed a centaur warrior
 11367 | D:11     | Killed a centaur warrior
 11555 | D:11     | Noticed a boulder beetle
 11559 | D:11     | Killed a boulder beetle
 11733 | D:11     | Identified the ring of Kokhluo {Ice Int+2 Dex+2}
 12464 | D:11     | Reached XP level 13. HP: 72/85 MP: 10/13
 12679 | D:11     | Found a staircase to the Lair.
 12692 | Lair:1   | Entered Level 1 of the Lair of Beasts
 12719 | Lair:1   | Lost mutation: You have sharp toenails. [potion of
                  | mutation]
 12719 | Lair:1   | Lost mutation: You expend magic power (3 MP) to strengthen
                  | your wands. [potion of mutation]
 12719 | Lair:1   | Lost mutation: Your health recovers twice as slowly from
                  | being drained. [potion of mutation]
 12719 | Lair:1   | Gained mutation: You are partially covered in iridescent
                  | scales. (AC +2) [potion of mutation]
 13009 | Lair:1   | Lost mutation: You are clumsy. (Dex -2) [potion of
                  | mutation]
 13009 | Lair:1   | Lost mutation: You are partially covered in iridescent
                  | scales. (AC +2) [potion of mutation]
 13009 | Lair:1   | Gained mutation: Your muscles are strong. (Str +4, Int/Dex
                  | -1) [potion of mutation]
 13009 | Lair:1   | Gained mutation: [You sometimes lose your temper in
                  | combat.] [potion of mutation]
 13009 | Lair:1   | Gained mutation: You are agile. (Dex +4, Str/Int -1)
                  | [potion of mutation]
 13095 | Lair:1   | Bought a scroll of fear for 128 gold pieces
 13095 | Lair:1   | Bought a potion of mutation for 256 gold pieces
 13095 | Lair:1   | Lost mutation: [You sometimes lose your temper in combat.]
                  | [potion of mutation]
 13095 | Lair:1   | Lost mutation: Your muscles are strong. (Str +4, Int/Dex
                  | -1) [potion of mutation]
 13095 | Lair:1   | Gained mutation: You have a somewhat thin skeletal
                  | structure. (Dex +2, Stealth+) [potion of mutation]
 13095 | Lair:1   | Gained mutation: You are frail. (-10% HP) [potion of
                  | mutation]
 13264 | Lair:1   | Identified the ring of Vanity {Fire ^Drain rN+ SInv Stlth+}
 13747 | Lair:2   | Noticed a catoblepas
 13751 | Lair:2   | Killed a catoblepas
 13837 | Lair:2   | Reached skill level 1 in Spellcasting
 13888 | Lair:2   | Noticed an ice dragon
 13894 | Lair:2   | Reached skill level 1 in Conjurations
 13894 | Lair:2   | Reached skill level 1 in Air Magic
 13894 | Lair:2   | Reached skill level 1 in Alchemy
 13901 | Lair:2   | Killed an ice dragon
 13903 | Lair:2   | Noticed a six-headed hydra
 13930 | Lair:2   | Killed a six-headed hydra
 14121 | Lair:2   | Learned a level 3 spell: Tukima's Dance
 14841 | Lair:2   | Found a staircase to the Swamp.
 15138 | Lair:2   | Noticed a five-headed hydra
 15154 | Lair:2   | Killed a five-headed hydra
 15398 | Lair:2   | Noticed a five-headed hydra
 15402 | Lair:2   | Killed a five-headed hydra
 15528 | Swamp:1  | Entered Level 1 of the Swamp
 16018 | Lair:3   | Found a staircase to the Snake Pit.
 16135 | Lair:3   | Reached XP level 14. HP: 82/82 MP: 18/18
 16349 | Lair:3   | Identified a scroll of acquirement
 16429 | Lair:3   | Acquired a +3 quick blade of flaming
 17031 | Lair:4   | Reached skill level 15 in Stealth
 17499 | Lair:1   | Bought the +1 pair of gloves "Forr" {rN+++ Will- Str+5} for
                  | 657 gold pieces
 17778 | Lair:4   | Reached skill level 5 in Armour
 18113 | Lair:4   | Noticed a quicksilver ooze
 18117 | Lair:4   | Killed a quicksilver ooze
 18286 | Lair:4   | Learned a level 4 spell: Passage of Golubria
 18292 | Lair:4   | Learned a level 5 spell: Yara's Violent Unravelling
 18327 | Lair:5   | Entered Level 5 of the Lair of Beasts
 18875 | Lair:5   | Found a staircase to the Slime Pits.
 19057 | Lair:5   | Reached XP level 15. HP: 87/87 MP: 19/21
 19522 | Lair:5   | Reached skill level 5 in Spellcasting
 19715 | Lair:5   | Reached skill level 5 in Alchemy
 19852 | Lair:5   | Reached skill level 5 in Air Magic
 20004 | Lair:5   | Found a corrupted altar of Lugonu.
 20051 | Lair:5   | Found a one-way gate to the infinite horrors of the Abyss.
 21074 | Lair:1   | Bought a shiny helmet for 225 gold pieces
 21074 | Lair:1   | Bought a glowing helmet for 225 gold pieces
 21171 | Orc:1    | Entered Level 1 of the Orcish Mines
 21312 | Orc:1    | Found a roughly hewn altar of Beogh.
 21849 | Orc:2    | Entered Level 2 of the Orcish Mines
 22105 | Orc:2    | Found a roughly hewn altar of Beogh.
 22204 | Orc:2    | Found Xemafit's General Store.
 22223 | Orc:2    | Bought the +3 warlock's mirror {omnireflect} for 440 gold
                  | pieces
 22223 | Orc:2    | Found the +3 warlock's mirror {omnireflect}
 22223 | Orc:2    | Bought a scroll of revelation for 82 gold pieces
 22223 | Orc:2    | Bought 2 potions of heal wounds for 110 gold pieces
 22223 | Orc:2    | Bought a scroll of identify for 22 gold pieces
 22223 | Orc:2    | Bought a scroll of enchant weapon for 82 gold pieces
 22223 | Orc:2    | Bought a box of beasts for 440 gold pieces
 22317 | Orc:2    | Found a staircase to the Elven Halls.
 22624 | Orc:2    | Found Tooheiss's Magic Scroll Shoppe.
 22720 | Orc:2    | Bought a scroll of fog for 68 gold pieces
 22720 | Orc:2    | Bought a scroll of brand weapon for 161 gold pieces
 22734 | Orc:2    | Found Jooffooll's General Store.
 22741 | Orc:2    | Paralysed by an orc sorcerer for 3 turns
 22778 | Orc:2    | Bought a scroll of identify for 34 gold pieces
 22778 | Orc:2    | Bought a wand of acid (2) for 142 gold pieces
 22823 | Orc:2    | Found Cisouq's Jewellery Emporium.
 23579 | Lair:1   | Bought the +3 ring mail "Ymoveami" {Will+} for 474 gold
                  | pieces
 23706 | Swamp:1  | Reached XP level 16. HP: 94/94 MP: 23/23
 23850 | Swamp:1  | Reached skill level 1 in Shields
 23854 | Swamp:1  | Acquired a manual of Dodging
 23947 | Swamp:1  | Identified the +2 leather armour of the New World {Rampage
                  | rC- rCorr Int+3}
 24192 | Swamp:1  | Learned a level 2 spell: Ensorcelled Hibernation
 24500 | Snake:1  | Entered Level 1 of the Snake Pit
 24581 | Snake:1  | Reached skill level 15 in Dodging
 24673 | Snake:1  | Reached skill level 1 in Hexes
 24685 | Snake:1  | Reached skill level 1 in Ice Magic
 24720 | Snake:1  | Reached skill level 10 in Evocations
 26045 | Elf:1    | Entered Level 1 of the Elven Halls
 26609 | Swamp:2  | Found a runed translucent gate.
 26609 | Swamp:2  | Found a runed translucent gate.
 26612 | Swamp:2  | Found a runed translucent gate.
 26613 | Swamp:2  | Noticed greenreed's ghost (adept CoBe)
 27274 | Snake:2  | Reached XP level 17. HP: 99/99 MP: 25/25
 27687 | Snake:2  | Noticed Agnes
 27691 | Snake:2  | Killed Agnes
 27705 | Snake:2  | Reached skill level 15 in Short Blades
 28262 | Elf:1    | Learned a level 4 spell: Cause Fear
 28366 | Abyss:3  | Cast into level 3 of the Abyss (a deep elf sorcerer)
 28420 | Abyss:3  | Noticed a tentacled starspawn
 28442 | Abyss:3  | Killed a tentacled starspawn
 28545 | Abyss:3  | Noticed a pearl dragon
 28554 | Abyss:3  | Reached skill level 1 in Translocations
 28572 | Abyss:3  | Killed a pearl dragon
 28814 | Abyss:3  | Noticed a tentacled starspawn
 28819 | Abyss:3  | Killed a tentacled starspawn
 28845 | Elf:1    | Escaped the Abyss
 29078 | Elf:1    | Got Erussy Vata's Discursus on Calling
 30610 | Lair:1   | Bought a pair of runed gloves for 210 gold pieces
 30610 | Lair:1   | Bought a pair of translucent boots for 266 gold pieces
 30610 | Lair:1   | Identified the +3 pair of boots "Wiczozi" {Rampage rCorr
                  | Str+2} (You bought it in a shop on level 1 of the Lair of
                  | Beasts)
 30825 | D:12     | Found a portal to a secret trove of treasure.
 31202 | D:12     | You paid a toll of 5 scrolls of blinking to enter a
                  | treasure trove
 31203 | Trove    | Entered a treasure trove
 31209 | Trove    | Identified the ring of Zatutadd {rF+ rN++ Str-2 Dex+6 SInv}
 31211 | Trove    | Identified the ring "Poquod" {Fly rPois rCorr Str-4 Int+6}
 31215 | Trove    | Identified the ring "Toev" {^Contam rC- rN+ Int+10 SInv}
 31230 | Trove    | Identified the amulet "Noloimyr" {rC+ Will+++ Regen+}
 31895 | Elf:2    | Found a runed translucent gate.
 31896 | Elf:2    | Found a runed translucent gate.
 31896 | Elf:2    | Found a runed translucent gate.
 31937 | Elf:2    | Reached XP level 18. HP: 94/105 MP: 28/28
 32853 | Lair:1   | Learned a level 3 spell: Fugue of the Fallen
 33011 | Swamp:4  | Entered Level 4 of the Swamp
 33184 | Swamp:4  | Reached skill level 5 in Hexes
 33238 | Swamp:4  | Reached skill level 5 in Ice Magic
 33584 | Swamp:4  | Reached skill level 15 in Fighting
 33904 | Swamp:4  | Got a decaying rune of Zot
 34245 | Lair:1   | Lost mutation: You have a somewhat thin skeletal structure.
                  | (Dex +2, Stealth+) [potion of mutation]
 34245 | Lair:1   | Lost mutation: You are frail. (-10% HP) [potion of
                  | mutation]
 34245 | Lair:1   | Lost mutation: You are agile. (Dex +4, Str/Int -1) [potion
                  | of mutation]
 34245 | Lair:1   | Gained mutation: You are resistant to electric shocks.
                  | (rElec) [potion of mutation]
 34554 | D:14     | Found a gate to the Vaults.
 34578 | D:14     | Reached XP level 19. HP: 124/124 MP: 30/30
 34635 | D:14     | Noticed Louise
 34658 | D:14     | Killed Louise
 34910 | D:14     | Found a broken altar of Ashenzari.
 35034 | D:14     | Found the +8 Wrath of Trog {antimagic, *Rage Rampage}
 35838 | Elf:2    | Found Diwkyama's Assorted Antiques.
 35852 | Elf:2    | Bought a scroll of blinking for 225 gold pieces
 35852 | Elf:2    | Bought a scroll of enchant weapon for 225 gold pieces
 36151 | D:15     | Entered Level 15 of the Dungeon
 36252 | D:15     | Found a staircase to the Depths.
 37708 | Elf:2    | Noticed a deep elf blademaster
 37716 | Elf:2    | Killed a deep elf blademaster
 38537 | Depths:1 | Entered Level 1 of the Depths
 38566 | Depths:1 | Found a gateway to Hell.
 38606 | Depths:1 | HP: 4/125 [spectral caustic shrike (6)]
 38913 | Depths:1 | Found a one-way gate leading to the halls of Pandemonium.
 39336 | Elf:3    | Entered Level 3 of the Elven Halls
 39341 | Elf:3    | Noticed Saint Roka
 39379 | Elf:3    | Killed Saint Roka
 39428 | Elf:3    | Noticed Zenata
 39435 | Elf:3    | Killed Zenata
 39706 | Elf:3    | Reached XP level 20. HP: 131/131 MP: 32/32
 39896 | Elf:3    | Noticed a Hell Sentinel
 40132 | Elf:3    | Noticed Donald
 40179 | Elf:3    | Noticed a Tzitzimitl
 40198 | Elf:3    | Killed Donald
 40347 | Elf:3    | Identified the +3 scimitar of Urineig {heavy, rF++ Str-5
                  | Dex+3 SInv}
 40347 | Elf:3    | Identified the amulet of the Prince of Darkness {Spirit
                  | Dex+7}
 40396 | Elf:3    | Identified the +7 hand axe of Dayv {heavy, Int+5}
 40565 | Elf:3    | Identified the +2 pair of gloves of the Comet {Will+ Int+3
                  | Slay+2 SInv}
 40617 | Elf:3    | Found the +9 staff of Olgreb {rPois∞}
 40619 | Elf:3    | Identified the +5 ring mail "Ibyen" {Dex+3 Stlth-}
 40628 | Elf:3    | Identified the +0 mace of Qisyha {flame, Fly rF++}
 40667 | Elf:3    | Identified the +8 arbalest of the Coward {penet, Dex+4
                  | SInv}
 41344 | Vaults:1 | Entered Level 1 of the Vaults
 41719 | Vaults:1 | Identified the +4 hand axe "Podwadgh" {protect, Stlth+}
 42021 | Vaults:1 | Identified the +8 chain mail of Ethics {rElec Will+ rCorr
                  | Int-2 SInv}
 42179 | Vaults:1 | Found a runed translucent gate.
 42179 | Vaults:1 | Found a runed translucent gate.
 42179 | Vaults:1 | Found a runed translucent gate.
 42181 | Vaults:1 | Noticed a tentacled monstrosity
 42525 | Vaults:1 | Reached XP level 21. HP: 113/137 MP: 34/34
 42579 | Vaults:1 | Learned a level 2 spell: Blink
 43424 | Depths:1 | Found a one-way gateway to a ziggurat.
 43965 | Depths:1 | Noticed a caustic shrike
 43998 | Depths:1 | Killed a caustic shrike
 44353 | Depths:1 | Identified the +0 rapier of the Shrinking Oracle {flame,
                  | +Blink rCorr SInv}
 44364 | Depths:1 | Found the +8 whip "Snakebite" {venom, curare, rPois}
 44398 | Depths:1 | Reached skill level 10 in Spellcasting
 45147 | Snake:3  | Noticed Vashnia
 45183 | Snake:3  | Killed Vashnia
 45504 | Snake:3  | Reached XP level 22. HP: 141/145 MP: 36/36
 45508 | Snake:3  | Reached skill level 5 in Translocations
 45928 | Snake:3  | Learned a level 7 spell: Enfeeble
 45958 | Snake:4  | Entered Level 4 of the Snake Pit
 46151 | Snake:4  | Reached skill level 10 in Armour
 47219 | Snake:4  | Got a serpentine rune of Zot
 48526 | Vaults:2 | Found a transporter.
 48565 | Vaults:2 | Found a transporter.
 49357 | Vaults:3 | Reached XP level 23. HP: 152/152 MP: 37/37
 49524 | Vaults:3 | Found a staircase to the Crypt.
 49974 | Vaults:3 | Paralysed by a formless jellyfish for 1 turns
 50053 | Vaults:3 | Reached skill level 10 in Hexes
 51064 | Vaults:3 | Learned a level 5 spell: Silence
 51505 | Lair:5   | Voluntarily entered the Abyss.
 51635 | Abyss:3  | Found a corrupted altar of Lugonu.
 51691 | Abyss:3  | Found a corrupted altar of Lugonu.
 51706 | Abyss:3  | Found a corrupted altar of Lugonu.
 51885 | Abyss:3  | Found a corrupted altar of Lugonu.
 51908 | Abyss:3  | Gained mutation: You are somewhat resistant to further
                  | mutation. [a neqoxec]
 52083 | Abyss:3  | HP: 11/229 [starcursed mass/accursed screaming (7)]
 52098 | Lair:5   | Escaped the Abyss
 52257 | Lair:5   | Voluntarily entered the Abyss.
 52586 | Abyss:3  | Lost strength.
 52590 | Abyss:3  | HP: 3/153 [dire elephant (10)]
 52590 | Abyss:3  | Slain by a dire elephant

Illustrated notes

Levels and vault maps discovered:
D:1:      dpeg_arrival_rooms_b, layout_loops_cross,
          hellmonk_ecumenical_altar_prayer_group
D:2:      minmay_roachtagon, layout_loops_ring, st_stairs_5
D:3:      minmay_evil_eye, layout_basic, nrook_uturn, minmay_distorted
D:4:      layout_basic, amcnicky_altar_gilded,
          mainiacjoe_overflow_surrounded_room, serial_aquarium,
          aquarium_bridge_square [aquarium_subvault_bridge,
          aquarium_subvault_wall, aquarium_subvault_wall,
          aquarium_subvault_bridge], aquarium_bridge_square
          [aquarium_subvault_window, aquarium_subvault_window,
          aquarium_subvault_wall, aquarium_subvault_bridge],
          aquarium_window_corner, aquarium_window_fake,
          aquarium_window_corridor_1, aquarium_window_fake, aquarium_view_2a,
          aquarium_balcony_3a, aquarium_pool_corner
D:5:      layout_basic, good_gods_mini_temple, minmay_misc_feat_hallway,
          minmay_misc_feat_pillars, uniq_eustachio
D:6:      layout_gridville, lemuel_round_altar, hangedman_ru_absence,
          minmay_temple_entry_mist, serial_shops, nicolae_shop_stone,
          uniq_menkaure
D:7:      layout_cave_pools, nemelex_diamond_rough_becter,
          mainiacjoe_overflow_24_doors, uniq_prince_ribbit1, uniq_duvessa
D:8:      kennysheep_kobold_camp, layout_basic, kennysheep_small_circle
D:9:      layout_cross, cheibrodos_worm_habitat, nicolae_dithmenos_the_darkroom,
          uniq_gastronok, uniq_maggie, uniq_joseph
D:10:     layout_irregular_city
D:11:     layout_basic, erik_lair_dragon, hangedman_abyss_or_decor_stabs
D:12:     layout_gridville, nicolae_trove_entry_crystal
D:13:     layout_rooms
D:14:     layout_rooms, david_vaults_4, lemuel_round_altar,
          minmay_guarded_unrand_wrath_of_trog, uniq_louise
D:15:     hellmonk_depths_entry_around_the_bend, layout_irregular_city,
          beargit_elvish_explorers
Temple:   bh_familiar_temple
Lair:1:   layout_cave_pods
Lair:2:   layout_cave_pods, swamp_mist_pool, ice2_lemuel, grunt_megastairs_2
Lair:3:   layout_concentric_octagons, alex1729_snake_entry_snake,
          grunt_megastairs_1
Lair:4:   layout_loops_ring, nicolae_lair_time_for_slime
Lair:5:   hellmonk_lair_end_abyssal_woods, layout_cave_pods, slime_entry_2,
          chequers_serial_rivers_micro_a, infiniplex_staircase_pool_2,
          lemuel_fruit_fields, lemuel_fruit_tree
Swamp:1:  layout_basic_swamp, wheals_swamp_sinkhole, swamp_pool_4,
          nicolae_swamp_oklob_treasure_island
Swamp:2:  layout_basic_swamp, gammafunk_ghost_hydra_chop,
          nicolae_swamp_big_swirl, infiniplex_staircase_pool
Swamp:3:  layout_basic_swamp, nicolae_swamp_small_spring
Swamp:4:  swamp_alternative, layout_basic_swamp, swamp_pool_4
Snake:1:  nicolae_snakescales, layout_basic, serial_curves, eino_curves_01,
          eino_curves_04
Snake:2:  layout_cave_pods, uniq_agnes
Snake:3:  layout_cave_town, uniq_vashnia
Snake:4:  grunt_snake_rune_pools, layout_rooms, nicolae_snake_single_loop,
          grunt_megastairs_5
Orc:1:    layout_caves, basic_altar
Orc:2:    st_orc_town, layout_caves, einodemon_armed_red_devil_minivault
Elf:1:    minmay_slanted_spiral_squares, layout_rooms,
          portal_desolation_entry_nicolae_menacing_earthworks, basic_altar,
          minmay_elf_sorcery, drop_trap
Elf:2:    nicolae_elf_blades_crystal_corner, layout_geoelf_octagon,
          serial_shops, shop
Elf:3:    elf_hall, layout_rooms, serial_sigils_hangedman_carve, uniq_zenata,
          uniq_saint_roka, uniq_donald
Vaults:1: ploomutoo_gammafunk_ghost_potion_laboratory, ontoclasm_vaults_pinch,
          serial_library_hellmonk_open_cross, grunt_vaults_diagonal,
          nicolae_vaults_ellipses_ellipsis,
          nicolae_vaults_shipping_containers_3, v_pattern_4,
          nicolae_vaults_more_shelving_1, nicolae_vaults_alarming, v_misc_16,
          vaults_room_grunt_arrival_ludios, ontoclasm_vaults_hangar,
          grunt_vaults_funnel, layout_vaults_maze
Vaults:2: nicolae_vaults_triangles, nicolae_vaults_double_plus_1,
          nicolae_vaults_network_periphery, v_rooms_2,
          nicolae_vaults_spaceships, v_alt_pattern_2,
          nicolae_vaults_puzzle_piece, grunt_vaults_hallway_long,
          nicolae_vaults_trapezoid_lopsided_1, gammafunk_its_a_trap, v_misc_17,
          nicolae_vaults_shelves_hall, vaults_dpeg_spiral, layout_vaults_omnibox
Vaults:3: hangedman_vaults_maws, minmay_crypt_entry_simple_plaza,
          nicolae_vaults_swerve, vaults_dpeg_emergency_exit,
          hangedman_vaults_cutoff, hangedman_vaults_corner_blocks,
          nicolae_vaults_little_squares_4, ontoclasm_vaults_decontamination,
          nicolae_vaults_meeting, v_misc_24,
          nicolae_vaults_variable_pillar_hall, nicolae_vaults_surprise_closet,
          v_misc_11, v_misc_10, vaults_dpeg_cross, layout_vaults_big_cross
Depths:1: minmay_spiral_squares, layout_basic, enter_ziggurat_c,
          pf_hell_entry_tar_river, rand_demon_pan_entry_3, serial_bayou_pond_e,
          kilobyte_rumbling_trees
Abyss:3:  base: Crypt:3, evilmike_abyss_exit_17, hangedman_stitches_earthworm,
          base: D:3, evilmike_abyss_exit_10, evilmike_abyss_exit_13,
          nicolae_abyss_rune_star_stuff, nicolae_abyss_rune_star_stuff,
          gammafunk_abyss_exit_x_factor, base: D:7,
          onia_ninara_dug_in_and_dangerous, lemuel_flamethrower_2,
          evilmike_abyss_rune_elephants_shrine,
          evilmike_abyss_rune_elephants_shrine

Skill      XL: |  1  2  3  4  5  6  7  8  9 10 11 12 13 14 15 16 17 18 19 20 21 22 23 |
---------------+----------------------------------------------------------------------+-----
Short Blades   | 3 4 5 6 8 9 10 11 12 13 14 15 16 17 18 19 | 19.4
Dodging        | 3 4 5 6 7 9 10 11 12 13 14 16 17 18 19 20 | 20.8
Stealth        | 7 8 9 10 11 12 13 14 15 16 17 18 19 20 | 20.9
Fighting       | 4 5 6 7 9 10 11 12 13 14 15 16 17 18 | 18.5
Evocations     | 1 4 7 8 9 10 11 12 13 14 | 14.9
Throwing       | 2 3 |  3.3
Armour         | 3 4 5 6 7 8 9 10 | 10.7
Spellcasting   | 2 4 5 6 7 8 9 10 11 | 11.2
Conjurations   | 2 4 |  4.8
Air Magic      | 2 4 5 |  5.0
Alchemy        | 2 4 5 |  5.9
Shields        | 2 3 |  3.0
Hexes          | 2 4 6 7 8 9 10 | 10.3
Ice Magic      | 2 4 5 6 7 8 |  8.0
Translocations | 2 3 4 6 |  6.0

Action                     |  1- 3 |  4- 6 |  7- 9 | 10-12 | 13-15 | 16-18 | 19-21 | 22-24 || total
---------------------------+-------+-------+-------+-------+-------+-------+-------+-------++-------
  Melee: Short sword       |    57 |   214 |       |       |       |       |       |       ||   271
         Dagger            |       |     1 |   260 |   897 |   588 |       |       |       ||  1746
         Rapier            |       |       |    14 |       |    92 |   117 |   191 |   420 ||   834
         Kick              |       |       |       |    91 |       |       |       |       ||    91
         Quick blade       |       |       |       |       |  1734 |  1675 |  2252 |  1208 ||  6869
   Cast: Ensorcelled Hiber |       |       |       |       |       |     9 |    39 |    13 ||    61
         Blink             |       |       |       |       |       |       |       |     2 ||     2
 Invoke: Potion Petition   |       |       |       |     2 |       |     3 |    11 |    11 ||    27
         Call Merchant     |       |       |       |       |     3 |     1 |       |       ||     4
Ability: Evoke Invisibilit |       |       |       |     1 |       |       |       |     2 ||     3
  Evoke: Wand              |       |       |     1 |     7 |     4 |       |    25 |     1 ||    38
         Condenser vane    |       |       |       |       |     1 |       |     2 |     1 ||     4
         Phial of floods   |       |       |       |       |       |       |     1 |       ||     1
         Phantom mirror    |       |       |       |       |       |       |     1 |       ||     1
         Lightning rod     |       |       |       |       |       |       |       |     5 ||     5
         Box of beasts     |       |       |       |       |       |       |       |     1 ||     1
    Use: Scroll            |       |     3 |     4 |     6 |    16 |    10 |    14 |     5 ||    58
         Potion            |       |       |     2 |     5 |     5 |     4 |    13 |     7 ||    36
   Stab: Sleeping          |     8 |    37 |    19 |    28 |    87 |    70 |    52 |    50 ||   351
         Distracted        |       |     2 |     1 |     7 |    28 |    28 |    28 |    26 ||   120
         Paralysed         |       |       |     1 |     2 |     1 |       |     2 |       ||     6
         Invisible         |       |       |       |       |       |       |       |    16 ||    16
 Armour: Leather armour    |    22 |    48 |   103 |   126 |       |       |       |       ||   299
         Swamp dragon scal |       |       |       |   137 |   504 |   166 |   524 |   384 ||  1715
         Ring mail         |       |       |       |       |       |   119 |       |       ||   119
  Dodge: Dodged            |    30 |   144 |   240 |   675 |  1594 |   694 |   726 |   518 ||  4621
  Block: Buckler           |       |       |       |       |     1 |   339 |   494 |   360 ||  1194
         Reflection        |       |       |       |       |       |    42 |    42 |    42 ||   126

Table legend: (Time is in decaauts)
 A = Elapsed time spent in this place.
 B = Non-inter-level travel time spent in this place.
 C = Inter-level travel time spent in this place.
 D = Time resting spent in this place.
 E = Time spent auto-exploring this place.
 F = Levels seen in this place.
 G = Mean time per level.
                   A        B        C        D        E       F      G
               +--------+--------+--------+--------+--------+-----+--------+
         Total |  49771 |  42495 |   7276 |    440 |  32678 |  42 | 1185.0 |
       Dungeon |  17215 |  14621 |   2594 |     59 |  11812 |  15 | 1147.7 |
        Temple |      1 |      1 |      0 |      0 |      0 |   1 |    1.0 |
          Lair |   9852 |   7559 |   2293 |    100 |   5764 |   5 | 1970.4 |
         Swamp |   3418 |   3070 |    348 |      0 |   2382 |   4 |  854.5 |
     Snake Pit |   4414 |   4184 |    230 |      5 |   3460 |   4 | 1103.5 |
  Orcish Mines |   2943 |   1922 |   1021 |      0 |   1518 |   2 | 1471.5 |
   Elven Halls |   3762 |   3244 |    518 |     39 |   2123 |   3 | 1254.0 |
        Vaults |   4495 |   4304 |    191 |      0 |   3518 |   3 | 1498.3 |
        Depths |   2464 |   2386 |     78 |    237 |   1538 |   1 | 2464.0 |
         Abyss |   1157 |   1157 |      0 |      0 |    544 |   3 |  385.7 |
         Trove |     45 |     45 |      0 |      0 |     16 |   1 |   45.0 |
               +--------+--------+--------+--------+--------+-----+--------+

Top non-repeatable levels by time:
    D:11: 2867 daAuts
  Lair:1: 2830 daAuts
  Lair:5: 2667 daAuts
Depths:1: 2464 daAuts
   Orc:2: 2250 daAuts
Vaults:3: 1717 daAuts
  Lair:2: 1633 daAuts
   Elf:2: 1610 daAuts
  Lair:3: 1603 daAuts
Vaults:2: 1451 daAuts
     D:5: 1410 daAuts
     D:8: 1400 daAuts
Vaults:1: 1327 daAuts
   Elf:3: 1302 daAuts
 Snake:1: 1292 daAuts
